 Dungeon Crawl Stone Soup version 0.24-a0-615-g751f86b5a9 (webtiles) character file.

Game seed: 4748294935305916177, levelgen mode: deterministic

384 Gynju the Firebug (level 6, -3/32 HPs)
             Began as a Deep Elf Fire Elementalist on Sept 13, 2019.
             Was an Initiate of Vehumet.
             Killed from afar by an orc wizard (10 damage)
             ... with a magic dart
             ... on level 5 of the Dungeon.
             The game lasted 00:07:49 (4571 turns).

Gynju the Firebug (Deep Elf Fire Elementalist)      Turns: 4571, Time: 00:07:49

Health: -3/32      AC:  5    Str:  5    XL:     6   Next: 47%
Magic:  12/12      EV: 12    Int: 22    God:    Vehumet [......]
Gold:   199        SH:  0    Dex: 15    Spells: 6/11 levels left

rFire    . . .     SeeInvis .   g - +0 short sword (protect)
rCold    . . .     Gourm    +   (no shield)
rNeg     . . .     Faith    .   r - +1 leather armour
rPois    .         Spirit   .   (no helmet)
rElec    .         Reflect  .   m - scarf {repulsion}
rCorr    .         Harm     .   (no gloves)
MR       .....                  (no boots)
Stlth    +++.......             s - amulet of the gourmand
HPRegen  0.10/turn              p - ring of stealth
MPRegen  0.13/turn              e - +1 ring of protection

@: repel missiles
A: no striking features
a: Renounce Religion


You were on level 5 of the Dungeon.
You worshipped Vehumet.
Vehumet was noncommittal.
You were completely stuffed.

You visited 1 branch of the dungeon, and saw 5 of its levels.

You collected 199 gold pieces.

Inventory:

Hand Weapons
 g - a +0 short sword of protection (weapon)
 v - a +0 rapier
Armour
 m - a scarf of repulsion (worn)
 r - a +1 leather armour (worn)
Jewellery
 e - a +1 ring of protection (right hand)
 i - an uncursed ring of ice
 p - a ring of stealth (left hand)
 s - an amulet of the gourmand (around neck)
Wands
 h - a wand of random effects (40)
Scrolls
 a - a scroll of magic mapping {unknown}
 d - a scroll of enchant armour
 k - a scroll of fear {unknown}
 n - a scroll of identify {@r1}
Potions
 b - 2 potions of ambrosia
 f - a potion of mutation
 j - 3 potions of resistance
 l - 4 potions of curing {@q1}
 o - a potion of agility {unknown}
 q - 2 potions of heal wounds {unknown}
 t - 2 potions of might {unknown}
Comestibles
 c - 8 rations


   Skills:
 - Level 2.4 Dodging
 - Level 2.4 Stealth
 - Level 3.0 Spellcasting
 + Level 5.2 Conjurations
 + Level 6.1 Fire Magic


You had 6 spell levels left.
You knew the following spells:

 Your Spells              Type           Power        Failure   Level  Hunger
a - Flame Tongue          Conj/Fire      ####.        1%          1    None
b - Sticky Flame          Conj/Fire      ####....     21%         4    ####...

Your spell library contained the following spells:

 Spells                   Type           Power        Failure   Level  Hunger
 Throw Flame              Conj/Fire      ####..       3%          2    ##.....
 Conjure Flame            Conj/Fire      ####....     6%          3    ###....
 Inner Flame              Hex/Fire       ###.....     17%         3    ###....
 Fireball                 Conj/Fire      ####......   50%         5    ######.


Dungeon Overview and Level Annotations

Branches:
Dungeon (5/15)
 Temple: D:4-7

Altars:
Dithmenos
Ru
Vehumet

Annotations:
D:3 3 runed translucent doors, Enish's ghost, weakling FoCK
D:5 exclusion: orc wizard


Message History

You barely miss the orc priest. The orc hits you but does no damage.
The orc priest hits you but does no damage.
You hit the orc priest.
The orc priest is moderately wounded.
The crimson imp blinks!
The orc hits you with a +0 hand axe.
The orc priest hits you with a +0 dagger.
The orc wizard barely misses you.
You are too injured to fight recklessly!
You are too injured to fight recklessly!
You are too injured to fight recklessly!
You are too injured to fight recklessly!
The orc priest calls down the wrath of Beogh upon you.
Beogh smites you!
* * * LOW HITPOINT WARNING * * *
The orc wizard casts a spell.
The orc wizard blinks!
The orc closely misses you. The orc wizard casts a spell at you.
The magic dart hits you!
You die...

#.###......#####.##...###......#
#..........#####.###.## ##...#.#
#.###.........ยง..#
#.#########.# #.#
##.#....#.######.##......(..
#.###.......#o# #.......####.###
#.............###.##.#### #.#
#####...##....o##.##.#######.#
##.###...o.##.##.........#
#.######..@.<.########..#
#......##.##..# #..#
######.##.##..# #..# #.##.##..#
#..### #.##.##..# #....#
#.##.##..# ##.#.# #.##.##..#
#.#.# #.##.....# #.#.#
#.##.###.#########.#.#


You could see an orc priest, an orc wizard and an orc.

Vanquished Creatures
  An ogre (D:4)
  A scorpion (D:5)
  An orc priest (D:5)
  2 worker ants (D:4)
  An orc wizard (D:2)
  5 adders
  2 worms (D:2)
  A dart slug (D:3)
  2 leopard geckos
  6 orcs
  12 bats
  7 giant cockroaches
  10 goblins
  9 hobgoblins
  6 jackals
  2 quokkas
  3 ball pythons
  5 frilled lizards
  10 kobolds
  9 rats
95 creatures vanquished.

Vanquished Creatures (others)
  A scorpion (D:5)
  A hound (D:5)
  An adder (D:3)
  An orc (D:5)
  A quokka (D:5)
5 creatures vanquished.

Grand Total: 100 creatures vanquished

Notes
Turn   | Place    | Note
-------+----------+-------------------------------------------
     0 | D:1      | Gynju the Deep Elf Fire Elementalist began the quest for
                  | the Orb.
     0 | D:1      | Reached XP level 1. HP: 10/10 MP: 6/6
   208 | D:1      | Reached XP level 2. HP: 15/15 MP: 6/8
   528 | D:1      | Reached skill level 4 in Fire Magic
   629 | D:1      | Reached XP level 3. HP: 19/19 MP: 5/9
  1647 | D:2      | Reached XP level 4. HP: 24/24 MP: 7/10
  1979 | D:2      | Found a sacrificial altar of Ru.
  2238 | D:3      | Reached skill level 5 in Fire Magic
  2459 | D:3      | Reached XP level 5. HP: 28/28 MP: 6/11
  2622 | D:3      | Found a runed translucent gate.
  2622 | D:3      | Found a runed translucent gate.
  2622 | D:3      | Found a runed translucent gate.
  2624 | D:3      | Noticed Enish's ghost (weakling FoCK)
  3309 | D:4      | Learned a level 4 spell: Sticky Flame
  3628 | D:4      | Noticed an ogre
  3636 | D:4      | Killed an ogre
  3636 | D:4      | Reached XP level 6. HP: 32/32 MP: 4/12
  4030 | D:4      | Found a radiant altar of Vehumet.
  4030 | D:4      | Found a shadowy altar of Dithmenos.
  4233 | D:4      | Became a worshipper of Vehumet
  4269 | D:5      | Entered Level 5 of the Dungeon
  4378 | D:5      | Reached skill level 5 in Conjurations
  4378 | D:5      | Reached skill level 6 in Fire Magic
  4571 | D:5      | Killed from afar by an orc wizard

Levels and vault maps discovered:
D:1:      matt_arrival_refuge, layout_basic, minmay_tromino_v4_a
D:2:      layout_rooms, nicolae_ru_great_annihilating_truth,
          chequers_serial_rivers_micro_c
D:3:      layout_basic, gammafunk_ghost_necromancy, lemuel_flame_loot_1
D:4:      layout_basic, gammafunk_temple_overflow_elements
D:5:      layout_loops_ring, xom_confusion_cloud, grunt_temple_overflow_open,
          ebering_ghost_disaster_area, first_ration

Skill      XL: |  1  2  3  4  5  6 |
---------------+-------------------+-----
Conjurations   | 2 3 4 5 |  5.2
Fire Magic     | 4 5 6 |  6.1
Dodging        | |  2.4
Stealth        | |  2.4
Spellcasting   | |  3.0

Action                   |  1- 3 |  4- 6 || total
-------------------------+-------+-------++-------
Melee: Unarmed           |     3 |       ||     3
       Short sword       |     1 |    43 ||    44
 Cast: Flame Tongue      |    75 |    90 ||   165
       Sticky Flame      |       |     1 ||     1
  Use: Scroll            |       |    10 ||    10
  Eat: Chunk             |     2 |    20 ||    22
Armor: Robe              |     8 |       ||     8
       Leather armour    |       |    24 ||    24
Dodge: Dodged            |    48 |    42 ||    90
       Deflected         |     1 |     3 ||     4

Table legend:
 A = Non-vault XP
 B = Vault XP
 C = Vault XP percentage of total XP
 D = Non-vault monster count
 E = Vault monster count
 F = Vault count percentage of total count
                 A         B        C        D         E       F
            +---------+---------+-------+---------+---------+-------
      Total |     506 |      43 |   7.8 |      89 |       6 |   6.3
            +---------+---------+-------+---------+---------+-------
        D:1 |      55 |       4 |   6.8 |      34 |       2 |   5.6
        D:2 |      67 |      39 |  36.8 |      22 |       4 |  15.4
        D:3 |      45 |       0 |   0.0 |      18 |       0 |   0.0
        D:4 |     222 |       0 |   0.0 |      11 |       0 |   0.0
        D:5 |     117 |       0 |   0.0 |       4 |       0 |   0.0
            +---------+---------+-------+---------+---------+-------
